 Dungeon Crawl Stone Soup version 0.26-b1-59-ge38874ec40 (webtiles) character file.

Game seed: 13428762490778484392

84 radhat240 the Skirmisher (level 4, 0/41 HPs)
             Began as a Hill Orc Fighter on Jan 8, 2021.
             Slain by Grinder (4 damage)
             ... on level 3 of the Dungeon.
             The game lasted 00:05:54 (2171 turns).

radhat240 the Skirmisher (Hill Orc Fighter)         Turns: 2171, Time: 00:05:55

Health: 0/41       AC:  8    Str: 19    XL:     4   Next: 45%
Magic:  4/4        EV:  7    Int:  8    God:
Gold:   160        SH:  9    Dex: 10    Spells: 3/3 levels left

rFire    . . .     SeeInvis .   a - +0 war axe
rCold    . . .     Faith    .   c - +0 kite shield
rNeg     . . .     Spirit   .   b - +0 scale mail
rPois    .         Reflect  .   (no helmet)
rElec    .         Harm     .   (no cloak)
rCorr    .         Rampage  .   i - +0 pair of gloves
Will     .....                  (no boots)
Stlth    ..........             (no amulet)
HPRegen  0.13/turn              (no ring)
MPRegen  0.09/turn              (no ring)

@: mighty
A: no striking features
a: no special abilities


You were on level 3 of the Dungeon.
You visited 1 branch of the dungeon, and saw 3 of its levels.

You collected 160 gold pieces.

Inventory:

Hand Weapons
 a - a +0 war axe (weapon)
Armour
 b - a +0 scale mail (worn)
 c - a +0 kite shield (worn)
 i - a +0 pair of gloves (worn)
Wands
 g - a wand of enslavement (8)
 k - a wand of iceblast (7)
Scrolls
 h - a scroll of amnesia {unknown}
 j - a scroll of teleportation {unknown}
 m - a scroll of remove curse
Potions
 d - a potion of might
 e - a potion of resistance
 l - 2 potions of brilliance {unknown}


   Skills:
 + Level 4.6 Fighting
 + Level 3.6 Axes
 + Level 4.0 Armour
 + Level 3.9 Shields


You had 3 spell levels left.
You didn't know any spells.
Your spell library was empty.

Dungeon Overview and Level Annotations

Branches:
Dungeon (3/15)

Altars:
Nemelex Xobeh
Sif Muna
Trog
Wu Jian

Annotations:
D:3 1 runed translucent door, Crazy Yiuf, Grinder


Message History

You feel very mighty all of a sudden. Grinder hits you but does no damage.
You barely miss Grinder.
Grinder is lightly wounded.
Grinder hits you!
* * * LOW HITPOINT WARNING * * *
You writhe in agony.
* * * LOW HITPOINT WARNING * * *
Grinder hits you.
* * * LOW HITPOINT WARNING * * *
You writhe in agony.
* * * LOW HITPOINT WARNING * * *
You slash Grinder!
Grinder is heavily wounded.
Grinder barely misses you.
You slash Grinder!
Grinder is almost dead.
Grinder gestures at you.
You barely resist. Grinder hits you.
You die...

# #.# #.#
#.###+###.#
#.........#
......#..####
####. #.## #
#.# #.# #5#
#@# #.# #.#
#.# #.# #.#
#.# #.#


You could see Grinder.

Vanquished Creatures
  3 adders (D:2)
  A worm (D:2)
  2 leopard geckos (D:2)
  3 bats
  3 giant cockroaches (D:1)
  5 goblins
  5 hobgoblins
  8 jackals
  A quokka (D:2)
  6 frilled lizards
  4 kobolds
  8 rats
49 creatures vanquished.

Notes
Turn   | Place    | Note
-------+----------+-------------------------------------------
     0 | D:1      | radhat240 the Hill Orc Fighter began the quest for the Orb.
     0 | D:1      | Reached XP level 1. HP: 19/19 MP: 1/1
   158 | D:1      | Reached XP level 2. HP: 27/27 MP: 2/2
   551 | D:2      | Reached XP level 3. HP: 29/33 MP: 3/3
  1062 | D:2      | Reached XP level 4. HP: 28/41 MP: 4/4
  1418 | D:2      | Found a bloodstained altar of Trog.
  1564 | D:2      | Found a sparkling altar of Nemelex Xobeh.
  1639 | D:2      | Found a shimmering blue altar of Sif Muna.
  1838 | D:2      | Found an ornate altar of the Wu Jian Council.
  2081 | D:3      | Found a runed translucent door.
  2082 | D:3      | Noticed Crazy Yiuf
  2147 | D:3      | Noticed Grinder
  2160 | D:3      | Paralysed by Grinder for 7 turns
  2171 | D:3      | Slain by Grinder

Illustrated notes

Levels and vault maps discovered:
D:1:      dpeg_arrival_rhombi, layout_basic
D:2:      layout_basic, bloody_trog, lemuel_blue_sif_altar,
          nicolae_overflow_hidden_temple, chequers_serial_rivers_room_b,
          dk_noncrumbling_4, fountainhead
D:3:      layout_loops_ring, lemuel_doored_altar, lightli_sewer_entry_pipes,
          uniq_grinder, uniq_crazy_yiuf_cottage

Skill      XL: |  1  2  3  4 |
---------------+-------------+-----
Fighting       | 4 |  4.6
Axes           | 3 |  3.6
Armour         | 4 |  4.0
Shields        | |  3.9

Action                   |  1- 3 |  4- 6 || total
-------------------------+-------+-------++-------
Melee: War axe           |   115 |    65 ||   180
  Use: Scroll            |     4 |       ||     4
       Potion            |       |     5 ||     5
Armor: Scale mail        |    57 |    35 ||    92
Dodge: Dodged            |    42 |    27 ||    69
Block: Kite shield       |    55 |    23 ||    78
